AoeStats
← Chiripa605

Black Forest

510124682Analyzed
4v4 RM · 2d ago on Sep 29, 2026· 42m 53s· 8 players
Game mode
Random Map
Map size
Large (8 player)
Population
200
Speed
Normal
Resources
Standard
Victory
Conquest
Starting age
Dark Age
Ending age
Imperial Age
RankedLock teamsTeams togetherTeam positionsShared explorationLock speedFull tech treeHidden civsTurbo modeCheats
Victory
Defeat
🇵🇪 Saracens · Peru
1449
+13
🇨🇳 Dravidians · China
1424
+14
🇺🇸 Wei · United States
1414
+16
1402
+15
🇧🇪 Saracens · Belgium
1464
-17
🇸🇬 Hindustanis · Singapore
1395
-15
🇺🇸 Spanish · United States
1355
-13
🇯🇵 Mongols · Japan
1353
-13
Chiripa605
1:19 Loom
11:32 Feudal Age
15:18 Castle Age
14:22 Double-Bit Axe
14:23 Horse Collar
17:32 Bow Saw
19:55 Wheelbarrow
21:13 Gold Mining
21:36 Heavy Plow
23:03 Stone Mining
24:27 Hand Cart
26:24 Gold Shaft Mining
30:27 Imperial Age
28:50 Bloodlines
28:40 Husbandry
28:49 Scale Barding Armor
29:56 Chain Barding Armor
31:29 Conscription
30:32 Heavy Hei Guang Cavalry
31:44 Forging
32:21 Ming Guang Armor
34:05 Iron Casting
38:44 Crop Rotation
40:11 Blast Furnace
39:03 Fletching
ElTitanSargeras
0:26 Loom
10:35 Feudal Age
12:51 Fletching
20:38 Castle Age
20:04 Double-Bit Axe
31:45 Imperial Age
30:21 Wheelbarrow
30:57 Scale Barding Armor
31:11 Stone Mining
32:33 Chain Barding Armor
32:46 Bloodlines
34:21 Crossbowman
36:59 Bodkin Arrow
37:17 Forging
38:15 Bow Saw
39:35 Gold Mining
40:40 Iron Casting
41:28 Bracer
42:24 Padded Archer Armor
42:23 Arbalester
43:10 Thumb Ring
44:11 Chemistry
43:05 Horse Collar
JieX
10:11 Feudal Age
13:50 Castle Age
11:44 Double-Bit Axe
12:14 Horse Collar
15:31 Bow Saw
15:27 Heavy Plow
24:30 Wheelbarrow
25:12 Loom
28:35 Imperial Age
26:43 Ballistics
26:17 Fletching
27:03 Gold Mining
27:10 Bodkin Arrow
28:44 Padded Archer Armor
28:59 Medical Corps
29:08 Thumb Ring
30:16 Chemistry
29:29 Bracer
30:38 Conscription
30:32 Elite Elephant Archer
34:53 Scale Mail Armor
35:05 Forging
34:39 Siege Elephant
35:12 Pikeman
35:53 Squires
38:19 Chain Mail Armor
38:39 Iron Casting
39:35 Plate Mail Armor
40:31 Halberdier
42:28 Iron Casting
havnt played for half year
0:51 Loom
9:28 Feudal Age
16:05 Castle Age
14:16 Double-Bit Axe
14:30 Horse Collar
17:24 Bow Saw
18:01 Wheelbarrow
23:04 Gold Mining
23:05 Stone Mining
28:49 Imperial Age
28:27 Masonry
28:49 Hand Cart
28:55 Onager
31:25 Siege Engineers
32:29 Scale Mail Armor
33:07 Northmen's Fury
33:13 Pikeman
34:35 Chain Mail Armor
34:30 Forging
33:52 Halberdier
42:53 Siege Onager
anirone7589
11:12 Feudal Age
12:57 Double-Bit Axe
15:16 Castle Age
13:42 Horse Collar
16:14 Heavy Plow
16:27 Bow Saw
22:23 Wheelbarrow
21:35 Town Watch
24:24 Hand Cart
26:14 Gold Mining
26:15 Stone Mining
30:23 Imperial Age
28:45 Coinage
28:40 Scale Barding Armor
28:45 Husbandry
28:57 Loom
29:34 Bloodlines
30:26 Chain Barding Armor
30:58 Forging
30:29 Heavy Camel Rider
32:20 Chemistry
32:32 Gold Shaft Mining
32:33 Plate Barding Armor
32:58 Iron Casting
33:04 Banking
32:15 Imperial Camel Rider
33:20 Grand Trunk Road
34:20 Masonry
34:31 Ballistics
34:58 Conscription
39:40 Blast Furnace
38:31 Fletching
40:28 Siege Engineers
Malice
2:34 Loom
12:15 Feudal Age
17:06 Castle Age
15:06 Horse Collar
15:56 Double-Bit Axe
24:10 Imperial Age
22:48 Fletching
23:42 Bodkin Arrow
24:07 Bow Saw
23:38 Crossbowman
25:05 Gold Mining
26:47 Bracer
30:06 Chemistry
30:34 Ballistics
32:01 Wheelbarrow
32:21 Padded Archer Armor
33:16 Conscription
sada-aki
3:49 Loom
10:53 Feudal Age
11:38 Double-Bit Axe
15:12 Castle Age
15:09 Horse Collar
16:25 Bow Saw
30:01 Imperial Age
28:25 Wheelbarrow
28:27 Gold Mining
28:31 Stone Mining
28:48 Caravan
30:03 Hand Cart
30:18 Ballistics
30:02 Capped Ram
31:04 Drill
31:01 Siege Ram
31:36 Heavy Scorpion
34:22 Chemistry
34:34 Siege Engineers
Azwad
1:09 Loom
10:49 Feudal Age
14:44 Castle Age
22:28 Fletching
27:06 Double-Bit Axe
29:24 Horse Collar
30:17 Gold Mining
31:10 Wheelbarrow
30:55 Bow Saw
32:41 Bodkin Arrow
32:46 Padded Archer Armor
33:10 Hand Cart
32:40 Town Watch
33:57 Bodkin Arrow
34:02 Padded Archer Armor
36:48 Imperial Age
34:00 Elite Skirmisher
36:29 Squires
36:46 Leather Archer Armor
38:29 Conscription
38:42 Ring Archer Armor
Connection lost

Rejoining the realm…

Still unreachable

The connection could not be restored.

Session expired

The server has moved on; the page needs a fresh start.